[ AOE2 MATCH · #493750982 ]
UnrankedKoreans vs Hindustanis
[ REPLAY ANALYSIS · EXTRACTED FROM THE RECORDED GAME ]
Feudal
9:54
Castle
21:56
Imperial
47:28
| APM avg | 38.2 |
| APM peak | 79 |
| eAPM avg | 24.8 |
| Villagers / military | 137 / 72 |
Focus
⚔️ 32.4% · 🌾 67.6%
Fire Lancer ×63 · Iron Pagoda ×6 · Scorpion ×3
Feudal
8:55
Castle
20:21
Imperial
37:39
| APM avg | 51.0 |
| APM peak | 96 |
| eAPM avg | 20.5 |
| Villagers / military | 140 / 125 |
Focus
⚔️ 27.0% · 🌾 73.0%
Camel Scout ×91 · Scout Cavalry ×11 · Armored Elephant ×10 · Mangonel ×5 · Bombard Cannon ×3 · Trebuchet (Packed) ×3
Feudal
9:42
Castle
26:31
Imperial
43:38
| APM avg | 27.6 |
| APM peak | 76 |
| eAPM avg | 16.2 |
| Villagers / military | 137 / 222 |
Focus
⚔️ 36.4% · 🌾 63.6%
Cavalry Archer ×111 · Scout Cavalry ×72 · Archer ×38 · Trade Cart ×20 · Spearman ×1
Feudal
10:45
Castle
14:53
Imperial
39:54
| APM avg | 19.8 |
| APM peak | 42 |
| eAPM avg | 12.7 |
| Villagers / military | 74 / 50 |
Focus
⚔️ 22.4% · 🌾 77.6%
Scorpion ×25 · Ballista Elephant ×19 · Knight ×5 · Monk ×1
Match map
Initial resources + every placement click. Lines = walls · curves = elevation contours. ◆ gold · ⬟ stone · ● berries · ✦ relic · ◌ wall gap
Your base· ✓ Closed at 21:56 · 0t walls · 3 gate(s)
LeeRoyJenkins's base· ✓ Closed at 20:21 · 0t walls · 4 gate(s)
Rosencrantz&Guildenstern's base· ✓ Closed at 26:31 · 2t walls · 4 gate(s)
CTM | Franco*'s base· ✓ Closed at 14:53 · 21t walls · 3 gate(s)
Smoothed initial terrain · ◌ = detected wall gap · hover for details
Inputs per minute
— PSX | King - - LeeRoyJenkins
Build order — PSX | King
First 150 of 397 actions detected
| 0:02 | Create | Villager (Male) |
| 0:02 | Create | Villager (Male) |
| 0:04 | Build | House |
| 0:05 | Build | House |
| 0:09 | Create | Villager (Male) |
| 0:09 | Create | Villager (Male) |
| 0:09 | Create | Villager (Male) |
| 1:30 | Create | Villager (Male) |
| 1:55 | Build | Lumber Camp |
| 2:00 | Create | Villager (Male) |
| 2:00 | Create | Villager (Male) |
| 2:18 | Create | Villager (Male) |
| 2:19 | Create | Villager (Male) |
| 2:37 | Create | Villager (Male) |
| 3:11 | Create | Villager (Male) |
| 3:12 | Create | Villager (Male) |
| 3:23 | Create | Villager (Male) |
| 3:43 | Build | House |
| 3:43 | Build | House |
| 4:09 | Create | Villager (Male) |
| 4:09 | Create | Villager (Male) |
| 4:09 | Create | Villager (Male) |
| 4:56 | Create | Villager (Male) |
| 4:56 | Create | Villager (Male) |
| 5:30 | Create | Villager (Male) |
| 5:30 | Create | Villager (Male) |
| 5:58 | Create | Villager (Male) |
| 5:59 | Create | Villager (Male) |
| 5:59 | Create | Villager (Male) |
| 6:03 | Build | House |
| 6:30 | Create | Villager (Male) |
| 6:31 | Create | Villager (Male) |
| 6:31 | Create | Villager (Male) |
| 6:36 | Research | Loom |
| 6:38 | Build | Mill |
| 7:44 | Research | Feudal Age |
| 7:44 | Research | Feudal Age |
| 8:16 | Build | Mining Camp |
| 8:53 | Build | House |
| 8:59 | Create | Villager (Male) |
| 9:24 | Create | Villager (Male) |
| 9:54 | Age | Feudal Age |
| 9:55 | Build | Watch Tower |
| 9:56 | Create | Villager (Male) |
| 10:00 | Build | House |
| 10:07 | Build | Blacksmith |
| 10:15 | Create | Villager (Male) |
| 10:23 | Build | House |
| 10:36 | Build | Watch Tower |
| 10:44 | Create | Villager (Male) |
| 10:52 | Research | Fletching |
| 10:52 | Research | Fletching |
| 11:01 | Create | Villager (Male) |
| 11:57 | Create | Villager (Male) |
| 12:08 | Create | Villager (Male) |
| 12:16 | Build | House |
| 12:16 | Build | House |
| 12:27 | Build | Watch Tower |
| 12:39 | Create | Villager (Male) |
| 12:43 | Build | Farm |
| 12:46 | Build | Farm |
| 12:47 | Build | Farm |
| 12:48 | Build | Farm |
| 12:48 | Build | Farm |
| 12:51 | Create | Villager (Male) |
| 13:32 | Create | Villager (Male) |
| 13:48 | Build | Watch Tower |
| 13:57 | Create | Villager (Male) |
| 14:11 | Create | Villager (Male) |
| 14:13 | Build | Mining Camp |
| 14:39 | Build | Watch Tower |
| 14:51 | Create | Villager (Male) |
| 14:53 | Build | Farm |
| 15:09 | Create | Villager (Male) |
| 15:15 | Build | Farm |
| 15:41 | Create | Villager (Male) |
| 16:10 | Build | Watch Tower |
| 16:16 | Create | Villager (Male) |
| 16:37 | Create | Villager (Male) |
| 17:09 | Create | Villager (Male) |
| 17:35 | Build | Market |
| 17:36 | Create | Villager (Male) |
| 17:42 | Build | Farm |
| 17:45 | Create | Villager (Male) |
| 17:49 | Build | House |
| 18:04 | Create | Villager (Male) |
| 18:08 | Build | Farm |
| 18:35 | Create | Villager (Male) |
| 18:44 | Build | Watch Tower |
| 19:07 | Build | Lumber Camp |
| 19:12 | Create | Villager (Male) |
| 19:12 | Create | Villager (Male) |
| 19:13 | Create | Villager (Male) |
| 19:13 | Create | Villager (Male) |
| 19:16 | Research | Castle Age |
| 19:16 | Research | Castle Age |
| 19:28 | Build | Farm |
| 21:08 | Build | Mining Camp |
| 21:11 | Build | Mining Camp |
| 21:23 | Build | Watch Tower |
| 21:27 | Research | Double-Bit Axe |
| 21:27 | Research | Horse Collar |
| 21:28 | Research | Gold Mining |
| 21:29 | Create | Villager (Male) |
| 21:56 | Age | Castle Age |
| 22:04 | Research | Bodkin Arrow |
| 22:07 | Build | University |
| 22:27 | Create | Villager (Male) |
| 22:44 | Create | Villager (Male) |
| 22:48 | Build | Watch Tower |
| 23:07 | Create | Villager (Male) |
| 23:10 | Build | House |
| 23:13 | Build | House |
| 23:13 | Build | House |
| 23:39 | Research | Ballistics |
| 23:55 | Build | Watch Tower |
| 23:58 | Create | Villager (Male) |
| 24:07 | Create | Villager (Male) |
| 24:11 | Build | Farm |
| 24:43 | Create | Villager (Male) |
| 25:00 | Build | Watch Tower |
| 25:11 | Research | Bow Saw |
| 25:11 | Research | Bow Saw |
| 25:14 | Research | Treadmill Crane |
| 25:15 | Create | Villager (Male) |
| 25:26 | Build | Mining Camp |
| 25:35 | Build | Lumber Camp |
| 25:39 | Create | Villager (Male) |
| 26:08 | Build | Watch Tower |
| 26:09 | Create | Villager (Male) |
| 26:11 | Research | Bow Saw |
| 26:12 | Research | Bow Saw |
| 26:22 | Create | Villager (Male) |
| 26:41 | Research | Murder Holes |
| 26:48 | Create | Villager (Male) |
| 26:58 | Create | Villager (Male) |
| 27:17 | Build | Farm |
| 27:17 | Build | Farm |
| 27:18 | Build | Farm |
| 27:18 | Build | Farm |
| 27:18 | Build | Farm |
| 27:18 | Build | Farm |
| 27:19 | Build | Farm |
| 27:19 | Build | Farm |
| 27:23 | Build | Farm |
| 27:25 | Create | Villager (Male) |
| 27:29 | Build | House |
| 27:30 | Build | House |
| 27:31 | Build | House |
| 27:53 | Build | House |
Build order — LeeRoyJenkins
First 150 of 392 actions detected
| 0:00 | Create | Villager (Male) |
| 0:01 | Create | Villager (Male) |
| 0:01 | Create | Villager (Male) |
| 0:02 | Build | House |
| 0:03 | Build | House |
| 0:04 | Create | Villager (Male) |
| 0:04 | Create | Villager (Male) |
| 1:21 | Create | Villager (Male) |
| 1:31 | Create | Villager (Male) |
| 1:55 | Build | Lumber Camp |
| 2:29 | Create | Villager (Male) |
| 2:56 | Create | Villager (Male) |
| 2:56 | Create | Villager (Male) |
| 3:16 | Build | House |
| 3:39 | Create | Villager (Male) |
| 4:09 | Create | Villager (Male) |
| 4:10 | Create | Villager (Male) |
| 4:28 | Create | Villager (Male) |
| 4:28 | Create | Villager (Male) |
| 4:28 | Create | Villager (Male) |
| 4:28 | Create | Villager (Male) |
| 5:04 | Build | Mill |
| 5:40 | Create | Villager (Male) |
| 5:59 | Create | Villager (Male) |
| 6:45 | Research | Feudal Age |
| 6:46 | Research | Loom |
| 7:09 | Create | Villager (Male) |
| 7:17 | Build | House |
| 8:08 | Build | Barracks |
| 8:24 | Create | Villager (Male) |
| 8:25 | Create | Villager (Male) |
| 8:55 | Age | Feudal Age |
| 9:04 | Build | Stable |
| 9:25 | Research | Double-Bit Axe |
| 9:31 | Create | Villager (Male) |
| 9:31 | Create | Villager (Male) |
| 9:45 | Create | Scout Cavalry |
| 9:45 | Create | Scout Cavalry |
| 9:52 | Build | Farm |
| 9:52 | Build | Farm |
| 9:52 | Build | Farm |
| 9:53 | Build | Farm |
| 9:58 | Create | Villager (Male) |
| 10:02 | Build | House |
| 10:13 | Build | Farm |
| 10:34 | Build | House |
| 10:35 | Create | Scout Cavalry |
| 10:38 | Build | Farm |
| 10:38 | Build | Farm |
| 10:51 | Build | Farm |
| 11:07 | Build | Farm |
| 11:12 | Build | Farm |
| 11:16 | Build | Farm |
| 11:17 | Create | Villager (Male) |
| 11:21 | Build | House |
| 11:32 | Create | Scout Cavalry |
| 11:39 | Build | Farm |
| 11:41 | Create | Villager (Male) |
| 12:11 | Build | House |
| 12:12 | Create | Villager (Male) |
| 12:21 | Create | Scout Cavalry |
| 12:39 | Create | Villager (Male) |
| 12:44 | Build | Farm |
| 12:47 | Build | Farm |
| 12:48 | Build | Farm |
| 12:50 | Create | Villager (Male) |
| 13:09 | Build | Watch Tower |
| 13:18 | Create | Scout Cavalry |
| 13:26 | Build | Farm |
| 13:27 | Create | Villager (Male) |
| 13:33 | Build | Market |
| 13:35 | Create | Villager (Male) |
| 13:38 | Research | Loom |
| 13:40 | Create | Scout Cavalry |
| 13:50 | Build | House |
| 13:52 | Create | Villager (Male) |
| 14:24 | Create | Scout Cavalry |
| 14:25 | Create | Scout Cavalry |
| 14:25 | Create | Scout Cavalry |
| 14:28 | Create | Villager (Male) |
| 14:28 | Create | Villager (Male) |
| 14:30 | Build | House |
| 14:38 | Build | Farm |
| 14:40 | Build | Farm |
| 14:57 | Build | Watch Tower |
| 15:01 | Create | Villager (Male) |
| 15:14 | Create | Scout Cavalry |
| 15:44 | Create | Villager (Male) |
| 15:44 | Create | Villager (Male) |
| 16:39 | Create | Villager (Male) |
| 16:42 | Build | Farm |
| 16:42 | Build | Farm |
| 16:42 | Build | Farm |
| 16:42 | Build | Farm |
| 16:45 | Build | Farm |
| 17:16 | Create | Villager (Male) |
| 17:17 | Create | Villager (Male) |
| 17:40 | Research | Castle Age |
| 17:40 | Research | Castle Age |
| 17:44 | Build | Farm |
| 17:46 | Build | Farm |
| 17:54 | Build | Farm |
| 17:59 | Research | Horse Collar |
| 18:07 | Build | Mining Camp |
| 19:00 | Build | Stable |
| 19:36 | Create | Villager (Male) |
| 20:10 | Research | Bloodlines |
| 20:21 | Age | Castle Age |
| 20:22 | Create | Camel Scout |
| 20:23 | Create | Camel Scout |
| 20:35 | Create | Villager (Male) |
| 20:41 | Build | Town Center |
| 20:50 | Create | Villager (Male) |
| 20:53 | Create | Camel Scout |
| 21:08 | Create | Villager (Male) |
| 21:14 | Create | Camel Scout |
| 21:25 | Build | House |
| 21:26 | Build | House |
| 21:44 | Create | Villager (Male) |
| 21:44 | Create | Villager (Male) |
| 21:44 | Create | Villager (Male) |
| 21:48 | Create | Camel Scout |
| 21:48 | Create | Camel Scout |
| 22:02 | Create | Camel Scout |
| 22:02 | Create | Camel Scout |
| 22:20 | Create | Camel Scout |
| 22:23 | Create | Villager (Male) |
| 22:24 | Create | Villager (Male) |
| 22:25 | Create | Villager (Male) |
| 22:25 | Create | Villager (Male) |
| 22:42 | Create | Camel Scout |
| 22:55 | Build | Blacksmith |
| 23:04 | Create | Camel Scout |
| 23:07 | Create | Camel Scout |
| 23:18 | Create | Villager (Male) |
| 23:18 | Create | Villager (Male) |
| 23:18 | Create | Villager (Male) |
| 23:19 | Create | Villager (Male) |
| 23:19 | Create | Villager (Male) |
| 23:25 | Create | Camel Scout |
| 23:43 | Build | Siege Workshop |
| 23:50 | Create | Villager (Male) |
| 23:51 | Create | Villager (Male) |
| 24:40 | Create | Villager (Male) |
| 24:40 | Create | Villager (Male) |
| 25:00 | Create | Armored Elephant |
| 25:01 | Create | Armored Elephant |
| 25:03 | Build | House |
| 25:04 | Build | House |
| 25:04 | Build | House |
Build order — Rosencrantz&Guildenstern
First 150 of 395 actions detected
| 0:00 | Create | Villager (Male) |
| 0:01 | Create | Villager (Male) |
| 0:02 | Build | House |
| 0:04 | Build | House |
| 0:10 | Create | Villager (Male) |
| 0:10 | Create | Villager (Male) |
| 1:27 | Create | Villager (Male) |
| 2:03 | Create | Villager (Male) |
| 2:53 | Create | Villager (Male) |
| 2:55 | Create | Villager (Male) |
| 2:56 | Create | Villager (Male) |
| 3:38 | Build | Lumber Camp |
| 3:40 | Create | Villager (Male) |
| 3:54 | Create | Villager (Male) |
| 3:54 | Create | Villager (Male) |
| 4:16 | Create | Villager (Male) |
| 4:21 | Create | Villager (Male) |
| 4:23 | Create | Villager (Male) |
| 4:33 | Build | House |
| 4:35 | Build | House |
| 4:42 | Research | Loom |
| 4:43 | Create | Villager (Male) |
| 4:44 | Create | Villager (Male) |
| 4:53 | Create | Villager (Male) |
| 4:58 | Create | Villager (Male) |
| 6:00 | Create | Villager (Male) |
| 6:23 | Build | Mill |
| 6:26 | Create | Villager (Male) |
| 6:40 | Create | Villager (Male) |
| 6:48 | Create | Villager (Male) |
| 7:14 | Research | Feudal Age |
| 7:42 | Create | Villager (Male) |
| 7:42 | Create | Villager (Male) |
| 7:47 | Build | House |
| 8:33 | Build | Barracks |
| 9:24 | Create | Villager (Male) |
| 9:37 | Build | Palisade Gate |
| 9:42 | Age | Feudal Age |
| 9:52 | Build | Mining Camp |
| 9:53 | Create | Villager (Male) |
| 10:04 | Build | Watch Tower |
| 10:12 | Create | Villager (Male) |
| 10:12 | Create | Villager (Male) |
| 10:40 | Research | Loom |
| 10:51 | Build | Blacksmith |
| 10:52 | Create | Villager (Male) |
| 10:58 | Create | Villager (Male) |
| 11:01 | Create | Villager (Male) |
| 11:21 | Create | Spearman |
| 11:22 | Create | Villager (Male) |
| 11:37 | Research | Fletching |
| 11:58 | Build | Palisade Wall |
| 12:02 | Create | Villager (Male) |
| 12:10 | Build | Watch Tower |
| 12:13 | Create | Villager (Male) |
| 12:21 | Build | Archery Range |
| 12:24 | Create | Villager (Male) |
| 12:46 | Build | House |
| 12:54 | Build | House |
| 12:55 | Build | House |
| 12:57 | Build | Palisade Wall |
| 12:59 | Create | Villager (Male) |
| 13:04 | Build | House |
| 13:05 | Build | House |
| 13:24 | Build | Mining Camp |
| 13:33 | Build | Farm |
| 13:49 | Build | House |
| 13:55 | Create | Villager (Male) |
| 14:03 | Build | Watch Tower |
| 14:13 | Research | Double-Bit Axe |
| 14:13 | Create | Villager (Male) |
| 14:37 | Create | Villager (Male) |
| 15:04 | Create | Villager (Male) |
| 15:12 | Build | Watch Tower |
| 15:28 | Build | Farm |
| 15:29 | Build | Farm |
| 15:48 | Build | Mill |
| 15:49 | Build | Farm |
| 15:50 | Build | Farm |
| 15:51 | Build | Farm |
| 15:53 | Create | Villager (Male) |
| 16:05 | Create | Archer |
| 16:08 | Create | Villager (Male) |
| 16:21 | Build | Watch Tower |
| 16:32 | Build | Farm |
| 16:33 | Build | Farm |
| 16:37 | Create | Archer |
| 16:49 | Build | Watch Tower |
| 16:52 | Create | Archer |
| 16:57 | Create | Villager (Male) |
| 17:32 | Build | Farm |
| 17:35 | Build | Farm |
| 17:51 | Build | Watch Tower |
| 17:59 | Create | Villager (Male) |
| 18:00 | Create | Villager (Male) |
| 18:08 | Build | Farm |
| 18:20 | Create | Archer |
| 18:22 | Create | Archer |
| 18:23 | Create | Villager (Male) |
| 19:03 | Create | Archer |
| 19:05 | Create | Villager (Male) |
| 19:24 | Build | Market |
| 19:26 | Build | House |
| 19:42 | Build | Watch Tower |
| 19:46 | Create | Villager (Male) |
| 19:51 | Create | Archer |
| 19:54 | Create | Archer |
| 19:57 | Create | Villager (Male) |
| 20:04 | Build | Farm |
| 20:19 | Create | Villager (Male) |
| 20:32 | Build | Farm |
| 20:34 | Create | Archer |
| 20:41 | Build | Farm |
| 21:00 | Build | Lumber Camp |
| 21:02 | Create | Villager (Male) |
| 21:03 | Create | Villager (Male) |
| 21:04 | Create | Archer |
| 21:23 | Build | Watch Tower |
| 22:31 | Build | Watch Tower |
| 22:49 | Build | Watch Tower |
| 22:59 | Build | Watch Tower |
| 23:33 | Build | Mining Camp |
| 23:51 | Research | Castle Age |
| 24:17 | Build | House |
| 24:20 | Build | House |
| 24:43 | Create | Villager (Male) |
| 24:43 | Create | Villager (Male) |
| 26:26 | Research | Town Watch |
| 26:31 | Age | Castle Age |
| 26:45 | Build | Archery Range |
| 26:47 | Build | Archery Range |
| 26:54 | Research | Bodkin Arrow |
| 26:55 | Research | Padded Archer Armor |
| 26:56 | Research | Crossbowman (upgrade) |
| 26:57 | Create | Archer ×3 |
| 26:58 | Create | Archer ×3 |
| 27:02 | Create | Villager (Male) |
| 27:02 | Create | Villager (Male) |
| 27:08 | Build | Town Center |
| 27:18 | Build | Town Center |
| 27:21 | Create | Villager (Male) |
| 27:26 | Build | Town Center |
| 27:30 | Create | Archer |
| 27:31 | Create | Archer |
| 27:45 | Create | Villager (Male) |
| 27:47 | Create | Archer |
| 27:47 | Create | Archer |
| 27:54 | Create | Villager (Male) |
| 27:54 | Create | Villager (Male) |
| 27:55 | Create | Villager (Male) |
Build order — CTM | Franco*
First 150 of 253 actions detected
| 0:01 | Create | Villager (Male) |
| 0:01 | Create | Villager (Male) |
| 0:02 | Create | Villager (Male) |
| 0:02 | Create | Villager (Male) |
| 0:05 | Build | House |
| 0:09 | Build | House |
| 1:26 | Create | Villager (Male) |
| 1:27 | Create | Villager (Male) |
| 2:02 | Create | Villager (Male) |
| 2:02 | Create | Villager (Male) |
| 2:19 | Build | Lumber Camp |
| 2:32 | Create | Villager (Male) |
| 2:32 | Create | Villager (Male) |
| 3:04 | Build | House |
| 3:05 | Build | House |
| 3:08 | Create | Villager (Male) |
| 3:08 | Create | Villager (Male) |
| 3:08 | Create | Villager (Male) |
| 4:00 | Create | Villager (Male) |
| 4:00 | Create | Villager (Male) |
| 4:00 | Create | Villager (Male) |
| 4:01 | Create | Villager (Male) |
| 4:49 | Create | Villager (Male) |
| 4:50 | Create | Villager (Male) |
| 5:11 | Create | Villager (Male) |
| 5:48 | Build | Mill |
| 6:10 | Create | Villager (Male) |
| 6:30 | Create | Villager (Male) |
| 6:38 | Create | Villager (Male) |
| 7:02 | Build | Mining Camp |
| 7:36 | Create | Villager (Male) |
| 8:07 | Research | Loom |
| 8:14 | Research | Feudal Age |
| 10:03 | Build | House |
| 10:39 | Build | Palisade Wall |
| 10:43 | Build | Palisade Wall |
| 10:45 | Age | Feudal Age |
| 10:50 | Build | Palisade Wall |
| 10:53 | Build | Palisade Wall |
| 10:54 | Build | Palisade Wall |
| 11:11 | Build | Stable |
| 11:18 | Build | Farm |
| 11:22 | Build | Farm |
| 11:45 | Build | Stone Wall |
| 12:13 | Research | Castle Age |
| 12:21 | Build | Stone Wall |
| 12:39 | Build | Palisade Wall |
| 12:44 | Build | House |
| 12:45 | Build | House |
| 12:55 | Build | Palisade Wall |
| 13:03 | Research | Double-Bit Axe |
| 13:28 | Build | Mining Camp |
| 13:37 | Build | Watch Tower |
| 13:47 | Build | Palisade Wall |
| 14:01 | Build | House |
| 14:11 | Build | House |
| 14:14 | Build | House |
| 14:53 | Age | Castle Age |
| 14:56 | Create | Knight |
| 14:57 | Create | Knight |
| 14:57 | Create | Knight |
| 14:59 | Create | Knight |
| 15:09 | Build | Stone Wall |
| 15:13 | Build | Farm |
| 15:33 | Build | Stone Wall |
| 15:35 | Build | Stone Wall |
| 16:25 | Build | Farm |
| 16:49 | Build | Stone Wall |
| 17:11 | Create | Villager (Male) |
| 17:11 | Create | Villager (Male) |
| 17:39 | Create | Villager (Male) |
| 17:48 | Build | Farm |
| 18:14 | Create | Villager (Male) |
| 18:27 | Create | Villager (Male) |
| 18:33 | Build | House |
| 18:35 | Build | House |
| 19:08 | Create | Knight |
| 19:20 | Create | Villager (Male) |
| 19:20 | Create | Villager (Male) |
| 19:33 | Build | Farm |
| 19:35 | Build | Farm |
| 19:36 | Build | Farm |
| 19:41 | Build | Farm |
| 19:46 | Create | Villager (Male) |
| 19:58 | Build | Stone Wall |
| 20:08 | Create | Villager (Male) |
| 20:19 | Build | Farm |
| 20:23 | Create | Villager (Male) |
| 20:23 | Create | Villager (Male) |
| 20:42 | Create | Villager (Male) |
| 21:02 | Create | Villager (Male) |
| 21:12 | Research | Horse Collar |
| 21:23 | Create | Villager (Male) |
| 22:00 | Build | Outpost |
| 22:00 | Create | Villager (Male) |
| 22:09 | Build | Monastery |
| 22:15 | Create | Villager (Male) |
| 22:16 | Create | Villager (Male) |
| 22:22 | Build | House |
| 22:23 | Build | House |
| 22:29 | Create | Villager (Male) |
| 22:30 | Create | Villager (Male) |
| 22:37 | Build | Palisade Wall |
| 22:38 | Build | Palisade Wall |
| 22:40 | Build | Palisade Wall |
| 22:40 | Build | Palisade Wall |
| 22:41 | Build | Palisade Wall |
| 22:43 | Create | Villager (Male) |
| 22:58 | Create | Monk |
| 23:11 | Create | Villager (Male) |
| 23:18 | Build | House |
| 23:19 | Build | House |
| 23:21 | Build | House |
| 23:22 | Build | House |
| 23:22 | Build | House |
| 23:24 | Build | House |
| 23:45 | Create | Villager (Male) |
| 23:52 | Build | Outpost |
| 25:07 | Create | Villager (Male) |
| 25:07 | Create | Villager (Male) |
| 25:08 | Create | Villager (Male) |
| 25:14 | Create | Villager (Male) |
| 25:23 | Create | Villager (Male) |
| 25:27 | Research | Bow Saw |
| 25:39 | Build | Farm |
| 25:40 | Build | Farm |
| 25:41 | Build | Farm |
| 25:44 | Build | Farm |
| 26:11 | Build | Castle |
| 26:14 | Build | Farm |
| 26:16 | Build | Farm |
| 26:33 | Build | Outpost |
| 26:38 | Build | Farm |
| 26:48 | Research | Heavy Plow |
| 26:52 | Research | Bloodlines |
| 26:52 | Research | Husbandry |
| 27:00 | Build | House |
| 27:01 | Build | House |
| 27:03 | Build | House |
| 27:25 | Build | Blacksmith |
| 27:27 | Create | Villager (Male) |
| 27:35 | Build | Outpost |
| 27:44 | Create | Villager (Male) |
| 28:03 | Build | Mining Camp |
| 28:08 | Build | House |
| 28:13 | Build | House |
| 28:13 | Build | House |
| 28:16 | Create | Villager (Male) |
| 28:19 | Create | Ballista Elephant |
| 28:20 | Create | Ballista Elephant |
Match timeline
| 8:08 | LeeRoyJenkins · first_building Barracks |
| 8:33 | Rosencrantz&Guildenstern · first_building Barracks |
| 8:55 | LeeRoyJenkins · age_up feudal |
| 9:04 | LeeRoyJenkins · first_building Stable |
| 9:42 | Rosencrantz&Guildenstern · age_up feudal |
| 9:54 | PSX | King · age_up feudal |
| 10:39 | CTM | Franco* · wall_segment Palisade Wall x1 |
| 10:43 | CTM | Franco* · wall_segment Palisade Wall x1 |
| 10:45 | CTM | Franco* · age_up feudal |
| 10:50 | CTM | Franco* · wall_segment Palisade Wall x1 |
| 10:53 | CTM | Franco* · wall_segment Palisade Wall x1 |
| 10:54 | CTM | Franco* · wall_segment Palisade Wall x1 |
| 11:11 | CTM | Franco* · first_building Stable |
| 11:45 | CTM | Franco* · wall_segment Stone Wall x6 |
| 11:58 | Rosencrantz&Guildenstern · wall_segment Palisade Wall x1 |
| 12:21 | Rosencrantz&Guildenstern · first_building Archery Range |
| 12:21 | CTM | Franco* · wall_segment Stone Wall x4 |
| 12:39 | CTM | Franco* · wall_segment Palisade Wall x2 |
| 12:55 | CTM | Franco* · wall_segment Palisade Wall x3 |
| 12:57 | Rosencrantz&Guildenstern · wall_segment Palisade Wall x1 |
| 13:47 | CTM | Franco* · wall_segment Palisade Wall x1 |
| 14:53 | CTM | Franco* · age_up castle |
| 15:09 | CTM | Franco* · wall_segment Stone Wall x1 |
| 15:33 | CTM | Franco* · wall_segment Stone Wall x1 |
| 15:35 | CTM | Franco* · wall_segment Stone Wall x1 |
| 16:17 | LeeRoyJenkins · first_market_sell 100 wood |
| 16:49 | CTM | Franco* · wall_segment Stone Wall x6 |
| 18:22 | PSX | King · first_market_sell 100 stone |
| 18:33 | PSX | King · first_market_buy 100 food |
| 19:58 | CTM | Franco* · wall_segment Stone Wall x6 |
| 20:21 | LeeRoyJenkins · age_up castle |
| 21:56 | PSX | King · age_up castle |
| 22:09 | CTM | Franco* · first_building Monastery |
| 22:37 | CTM | Franco* · wall_segment Palisade Wall x1 |
| 22:38 | CTM | Franco* · wall_segment Palisade Wall x1 |
| 22:40 | CTM | Franco* · wall_segment Palisade Wall x1 |
| 22:40 | CTM | Franco* · wall_segment Palisade Wall x1 |
| 22:41 | CTM | Franco* · wall_segment Palisade Wall x1 |
| 23:43 | LeeRoyJenkins · first_building Siege Workshop |
| 23:50 | Rosencrantz&Guildenstern · first_market_sell 100 wood |
| 24:07 | LeeRoyJenkins · first_market_buy 100 stone |
| 25:27 | LeeRoyJenkins · first_building Monastery |
| 26:11 | CTM | Franco* · first_building Castle |
| 26:31 | Rosencrantz&Guildenstern · age_up castle |
| 28:35 | PSX | King · first_building Siege Workshop |
| 28:40 | PSX | King · first_building Barracks |
| 28:49 | Rosencrantz&Guildenstern · wall_segment Palisade Wall x1 |
| 29:49 | CTM | Franco* · wall_segment Stone Wall x1 |
| 29:51 | CTM | Franco* · wall_segment Stone Wall x1 |
| 29:51 | CTM | Franco* · wall_segment Stone Wall x1 |
| 31:08 | PSX | King · first_building Castle |
| 33:00 | LeeRoyJenkins · first_building Castle |
| 33:57 | Rosencrantz&Guildenstern · first_building Castle |
| 34:49 | Rosencrantz&Guildenstern · first_building Stable |
| 35:56 | PSX | King · wall_segment Palisade Wall x1 |
| 35:56 | PSX | King · wall_segment Palisade Wall x1 |
| 37:03 | PSX | King · wall_segment Stone Wall x1 |
| 37:11 | CTM | Franco* · wall_segment Stone Wall x1 |
| 37:13 | CTM | Franco* · wall_segment Stone Wall x1 |
| 37:17 | CTM | Franco* · wall_segment Stone Wall x1 |
| 37:23 | CTM | Franco* · wall_segment Stone Wall x1 |
| 37:39 | LeeRoyJenkins · age_up imperial |
| 37:39 | CTM | Franco* · wall_segment Stone Wall x3 |
| 38:16 | LeeRoyJenkins · wall_segment Stone Wall x9 |
| 39:14 | CTM | Franco* · first_building Siege Workshop |
| 39:54 | CTM | Franco* · age_up imperial |
| 40:32 | CTM | Franco* · wall_segment Stone Wall x6 |
| 41:24 | Rosencrantz&Guildenstern · first_building Monastery |
| 42:07 | Rosencrantz&Guildenstern · tribute_sent a jugador 1 |
| 42:07 | Rosencrantz&Guildenstern · tribute_sent a jugador 2 |
| 42:07 | Rosencrantz&Guildenstern · tribute_sent a jugador 4 |
| 43:01 | CTM | Franco* · first_market_sell 500 food |
| 43:38 | Rosencrantz&Guildenstern · age_up imperial |
| 44:38 | Rosencrantz&Guildenstern · wall_segment Stone Wall x33 |
| 44:52 | PSX | King · first_building Monastery |
| 45:51 | Rosencrantz&Guildenstern · tribute_sent a jugador 1 |
| 45:51 | Rosencrantz&Guildenstern · tribute_sent a jugador 2 |
| 45:51 | Rosencrantz&Guildenstern · tribute_sent a jugador 4 |
| 46:40 | Rosencrantz&Guildenstern · wall_segment Stone Wall x1 |
| 47:11 | CTM | Franco* · wall_segment Stone Wall x1 |
| 47:13 | CTM | Franco* · wall_segment Stone Wall x1 |
| 47:22 | Rosencrantz&Guildenstern · tribute_sent a jugador 1 |
| 47:22 | Rosencrantz&Guildenstern · tribute_sent a jugador 2 |
| 47:22 | Rosencrantz&Guildenstern · tribute_sent a jugador 4 |
| 47:28 | PSX | King · age_up imperial |
| 48:28 | Rosencrantz&Guildenstern · wall_segment Stone Wall x34 |
| 49:46 | CTM | Franco* · resign |
[ AI ANALYSIS · 1 CREDIT ]
What really happened in this match?
Wolo.gg analyzes every decision: build order, eco, micro, common mistakes by bracket. Personalized analysis on WhatsApp or Discord in 30 seconds.
Civ guide
Koreans
Perfil
Jugador #9733677